 Dungeon Crawl Stone Soup version 0.27-a0-151-g9286b66fa0 (webtiles) character file.

Game seed: 8908342240247470688

4172 KristoblXynda the Carver (level 10, -3/88 HPs)
             Began as a Purple Draconian Gladiator on Jan 27, 2021.
             Was a Follower of Ashenzari.
             Slain by a two-headed ogre
             ... wielding a +0 giant club
              (20 damage)
             ... on level 8 of the Dungeon.
             The game lasted 00:17:02 (11318 turns).

KristoblXynda the Carver (DrGl)                    Turns: 11318, Time: 00:17:03

Health: -3/88      AC:  9    Str: 17    XL:     10   Next: 7%
Magic:  0/9        EV: 16    Int: 11    God:    Ashenzari [*.....]
Gold:   512        SH:  0    Dex: 13    Spells: 6/9 levels left

rFire    . . .     SeeInvis .   x - +0 scimitar
rCold    . . .     Faith    .   (no shield)
rNeg     . . .     Spirit   +   (armour unavailable)
rPois    +         Reflect  .   b - +0 hat
rElec    .         Harm     .   r - +0 cloak
rCorr    .         Rampage  .   (no gloves)
Will     +....                  h - +0 pair of boots
Stlth    +.........             o - amulet of guardian spirit
HPRegen  0.24/turn              u - ring of poison resistance (curse)
MPRegen  0.11/turn              f - ring of flight

@: short of breath
A: breathe power, unfitting armour, antennae 1, low mp 1, cold-blooded,
MP-powered wands, AC +7
a: Breathe Dispelling Energy, Renounce Religion, Evoke Flight, Curse Item,
Scrying


You were on level 8 of the Dungeon.
You worshipped Ashenzari.
Ashenzari was aware of your devotion.
You visited 2 branches of the dungeon, and saw 10 of its levels.

You collected 512 gold pieces.

Inventory:

Hand Weapons
 x - a +0 scimitar (weapon)
Missiles
 c - 5 throwing nets (quivered)
Armour
 b - a +0 hat (worn)
 h - a +0 pair of boots (worn)
 r - a +0 cloak (worn)
 z - a +0 kite shield
Jewellery
 f - a ring of flight (right hand)
 n - an uncursed ring of magical power
 o - an amulet of guardian spirit (around neck)
 u - a cursed ring of poison resistance (left hand)
Scrolls
 a - a scroll of identify
 d - 5 scrolls of teleportation
 g - 5 scrolls of immolation
 i - 2 scrolls of amnesia
 p - 2 scrolls of enchant armour
 q - a scroll of magic mapping
 s - 4 scrolls of blinking
 y - 5 scrolls of enchant weapon
Potions
 e - 7 potions of flight
 j - a potion of cancellation
 k - 2 potions of curing
 l - 3 potions of mutation
 m - a potion of magic
 t - a potion of ambrosia
 v - a potion of brilliance
 A - a potion of might
 B - a potion of lignification
Miscellaneous
 w - a tin of tremorstones (2/2)


   Skills:
 + Level 8.3 Fighting
 + Level 10.5 Long Blades
 - Level 2.0 Throwing
 + Level 7.2 Dodging
 + Level 1.8 Evocations


You had 6 spell levels left.
You knew the following spells:

 Your Spells              Type           Power        Failure   Level
a - Tukima's Dance        Hex            0%           71%         3

Your spell library contained the following spells:

 Spells                   Type           Power        Failure   Level
 Corona                   Hex            0%           34%         1
 Ensorcelled Hibernation  Hex/Ice        0%           47%         2
 Confusing Touch          Hex            0%           71%         3
 Dazzling Flash           Conj/Hex       0%           71%         3


Dungeon Overview and Level Annotations

Branches:
Dungeon (9/15)             Temple (1/1) D:5            Lair (0/6) D:8
    Orc: D:9-12

Altars:
Ashenzari
Cheibriados
Dithmenos
Elyvilon
Fedhas
Gozag
Hepliaklqana
Kikubaaqudgha
Makhleb
Nemelex Xobeh
Okawaru
Qazlal
Ru
Sif Muna
Trog
Uskayaw
Vehumet
Wu Jian
Xom
Yredelemnul
Zin
The Shining One
Beogh

Shops:
D:5 [


Innate Abilities, Weirdness & Mutations

You can breathe bolts of dispelling energy.
Your rich purple scales are hard. (AC +7)
You cannot fit into any form of body armour.
You are cold-blooded and may be slowed by cold attacks.
You have a pair of small antennae on your head.
Your magical capacity is low. (-10% MP)
You expend magic power (3 MP) to strengthen your wands.


Message History

* * * LOW HITPOINT WARNING * * *
You slash the two-headed ogre!
The two-headed ogre is severely wounded.
The two-headed ogre misses you.
The two-headed ogre hits you with a +0 giant spiked club!
* * * LOW HITPOINT WARNING * * *
Unknown command.
Things that are here:
a +0 falchion; a cursed +0 dagger; a +0 scale mail You have got your breath back.
You see here a +0 falchion.
Press: ? - help, Shift-Dir - straight line, f/p - two-headed ogre
Aim: a two-headed ogre, wielding a +0 giant club and a +0 giant spiked club (severely wounded)
You breathe a bolt of dispelling energy.
The bolt of dispelling energy hits the two-headed ogre!
The two-headed ogre is almost dead.
The two-headed ogre closely misses you. x2
The two-headed ogre misses you.
The two-headed ogre hits you with a +0 giant spiked club!!
You die...

#.......# #..'.....#### ####
#.#####.## #..#.....#...
...#######.# #..#
#..###†###.## .#.........#
##># #.##.....#.#
...######### ###
#)##.....#.# #.##
#.########.# #.# #.# ##.##
#.# ###########.#######...#
### #.....@O.......))...#.#
#_# #.####..#####.#####.>..
...8 #.# #..# #.# ##.## ....
#.# #..#####.######.## ....8
#.# #.(...............
######.#####.#####.#####.###
...8##.........##.# #.#
#.### ....###.######.##.#
#.# #.... ....8 #.# #.##.#
#.# #..##


You could see a two-headed ogre.

Vanquished Creatures
  A centaur skeleton (D:9)
  Grinder (D:5)
  A yak (D:8)
  A human (D:8)
  3 hogs (D:8)
  5 orc warriors
  2 sky beasts
  2 ice beasts
  A phantom (D:4)
  4 ogres
  4 bullfrogs
  A scorpion (D:6)
  4 killer bees (D:8)
  4 electric eels (D:8)
  2 bullfrog zombies
  3 hounds
  2 jellies
  4 orc priests
  2 bullfrog skeletons (D:6)
  6 orc wizards
  Terence (D:2)
  An iguana (D:6)
  3 worker ants
  A worker ant zombie (D:9)
  2 howler monkey skeletons (D:7)
  9 adders
  11 gnolls
  4 white imps
  4 adder skeletons
  4 worms
  3 dart slugs
  5 leopard geckos
  47 orcs
  4 ball pythons
  3 giant cockroaches
  2 goblins
  7 hobgoblins
  2 quokkas
  4 bats
  6 frilled lizards
  A jackal zombie (D:5)
  5 kobolds
  2 leopard gecko skeletons
  A quokka skeleton (D:4)
  8 rats
193 creatures vanquished.

Vanquished Creatures (others)
  An orc (D:8)
  28 plants (D:8)
29 creatures vanquished.

Grand Total: 222 creatures vanquished

Notes
Turn   | Place    | Note
-------+----------+-------------------------------------------
     0 | D:1      | KristoblXynda the Draconian Gladiator began the quest for
                  | the Orb.
     0 | D:1      | Reached XP level 1. HP: 17/17 MP: 1/1
   437 | D:1      | Reached XP level 2. HP: 25/25 MP: 2/2
  1107 | D:2      | Noticed a moth of wrath
  1110 | D:2      | Found a bloodstained altar of Trog.
  1249 | D:2      | Found a basalt altar of Yredelemnul.
  1290 | D:2      | Found a glowing silver altar of Zin.
  1292 | D:2      | Noticed Terence
  1293 | D:2      | Noticed an angel
  1308 | D:2      | Reached XP level 3. HP: 30/30 MP: 3/3
  1314 | D:2      | Gained mutation: You have a pair of small antennae on your
                  | head. [potion of mutation]
  1314 | D:2      | Gained mutation: Your magical capacity is low. (-10% MP)
                  | [potion of mutation]
  1314 | D:2      | Gained mutation: You expend magic power (3 MP) to
                  | strengthen your wands. [potion of mutation]
  1317 | D:2      | Killed Terence
  1493 | D:2      | Found a shimmering altar of Xom.
  1861 | D:2      | Reached skill level 4 in Long Blades
  1861 | D:2      | Reached XP level 4. HP: 38/38 MP: 3/3
  2903 | D:3      | HP: 1/38 [orc wizard/+0 dagger (1)]
  3252 | D:3      | Reached XP level 5. HP: 29/45 MP: 4/4
  3777 | D:4      | Noticed a phantom
  3928 | D:4      | Found a sacrificial altar of Ru.
  4076 | D:4      | Noticed an ogre
  4084 | D:4      | Killed an ogre
  4085 | D:4      | Reached skill level 5 in Long Blades
  4085 | D:4      | Reached XP level 6. HP: 22/52 MP: 2/5
  4832 | D:5      | Entered Level 5 of the Dungeon
  4876 | D:5      | Noticed Grinder
  4880 | D:5      | Paralysed by Grinder for 6 turns
  4907 | D:5      | Paralysed by Grinder for 4 turns
  4919 | D:5      | Killed Grinder
  4920 | D:5      | Reached skill level 6 in Long Blades
  4920 | D:5      | Your scales start taking on a rich purple colour.
  4920 | D:5      | Reached XP level 7. HP: 29/60 MP: 3/6
  5075 | D:5      | Found Jugigren's Armour Shop.
  5145 | D:5      | Found a staircase to the Ecumenical Temple.
  5168 | Temple   | Entered the Ecumenical Temple
  5180 | Temple   | Became a worshipper of Ashenzari the Shackled
  5259 | D:5      | Reached skill level 5 in Fighting
  5667 | D:5      | Found a blossoming altar of Fedhas.
  5898 | D:6      | Reached skill level 7 in Long Blades
  5923 | D:6      | Learned a level 3 spell: Tukima's Dance
  5934 | D:6      | Reached XP level 8. HP: 59/69 MP: 7/7
  5947 | D:6      | Reached skill level 5 in Dodging
  6434 | D:6      | Reached skill level 8 in Long Blades
  6965 | D:6      | Found an opulent altar of Gozag.
  6968 | D:6      | Found a stormy altar of Qazlal.
  6971 | D:6      | Found a hide-covered altar of Uskayaw.
  7573 | D:8      | Reached XP level 9. HP: 24/78 MP: 2/8
  7880 | D:8      | Reached skill level 9 in Long Blades
  7965 | D:8      | Found a roughly hewn altar of Beogh.
  8976 | D:8      | Found a basalt altar of Yredelemnul.
  9374 | D:8      | Reached skill level 10 in Long Blades
  9689 | D:8      | Reached * piety under Ashenzari
  9897 | D:8      | HP: 2/81 [electric eel/bolt of electricity (10)]
 10764 | D:8      | Found a hazy altar of Hepliaklqana.
 10780 | D:8      | Found a staircase to the Lair.
 10800 | D:8      | Found a blossoming altar of Fedhas.
 11132 | D:9      | Reached skill level 1 in Evocations
 11169 | D:9      | Reached XP level 10. HP: 72/88 MP: 7/9
 11269 | D:9      | Noticed a two-headed ogre
 11318 | D:8      | Slain by a two-headed ogre

Illustrated notes

Levels and vault maps discovered:
D:1:      elethiomel_arrival_maze, layout_basic
D:2:      layout_basic, grunt_temple_overflow_order_and_chaos_1, tgw_trog,
          yredelemnul_altar_generic, uniq_terence
D:3:      layout_basic, dk_noncrumbling_2
D:4:      layout_cave_pools, nicolae_ru_sacrificial_ziggurat
D:5:      layout_loops_ring, minmay_temple_entry_slanted, serial_shops,
          shop_statue, fedhas_altar_2, uniq_grinder
D:6:      layout_rooms, grunt_temple_overflow_diamond
D:7:      layout_rooms
D:8:      layout_loops_ring, kennysheep_mini_moat,
          nicolae_overflow_hidden_temple, nzn_hepliaklqana_mist_gate,
          lair_entry_dummy, special_room [special_room_orc], chequers_big_river,
          grunt_livestock
D:9:      layout_cave_pods, erik_orc_1
Temple:   nicolae_temple_x_marks_the_god

Skill      XL: |  1  2  3  4  5  6  7  8  9 |
---------------+----------------------------+-----
Throwing       | 2 |  2.0
Dodging        | 3 4 6 7 |  7.2
Fighting       | 3 4 5 6 8 |  8.3
Long Blades    | 4 5 6 7 8 10 | 10.5
Evocations     | 1 |  1.8

Action                   |  1- 3 |  4- 6 |  7- 9 | 10-12 || total
-------------------------+-------+-------+-------+-------++-------
Melee: Long sword        |    77 |   175 |    53 |       ||   305
       Tailslap          |    13 |    18 |    61 |     7 ||    99
       Scimitar          |       |       |   360 |    13 ||   373
Invok: Curse Item        |       |       |     1 |       ||     1
 Abil: Breathe Dispellin |       |       |     8 |     2 ||    10
Evoke: Wand              |       |       |     6 |       ||     6
  Use: Potion            |     2 |     2 |     3 |       ||     7
       Scroll            |       |    13 |     5 |       ||    18
 Stab: Sleeping          |       |     1 |     1 |       ||     2
       Paralysed         |       |       |     3 |       ||     3
Armor: Skin              |    18 |    50 |    84 |     1 ||   153
Dodge: Dodged            |    60 |   100 |   270 |    19 ||   449
       Rpst.: Long sword |    17 |    30 |    13 |       ||    60
       Scimitar          |       |       |    57 |     4 ||    61

Table legend: (Time is in decaauts)
 A = Elapsed time spent in this place.
 B = Non-inter-level travel time spent in this place.
 C = Inter-level travel time spent in this place.
 D = Time resting spent in this place.
 E = Time spent auto-exploring this place.
 F = Levels seen in this place.
 G = Mean time per level.
                   A        B        C        D        E       F      G
               +--------+--------+--------+--------+--------+-----+--------+
         Total |  11356 |  11121 |    235 |   3797 |   5300 |  10 | 1135.6 |
       Dungeon |  11289 |  11061 |    228 |   3797 |   5250 |   9 | 1254.3 |
        Temple |     66 |     59 |      7 |      0 |     50 |   1 |   66.0 |
               +--------+--------+--------+--------+--------+-----+--------+

Top non-repeatable levels by time:
     D:8: 3344 daAuts
     D:3: 1662 daAuts
     D:2: 1394 daAuts
     D:6: 1162 daAuts
     D:4: 987 daAuts
     D:5: 975 daAuts
     D:1: 826 daAuts
     D:7: 762 daAuts
     D:9: 173 daAuts
  Temple: 66 daAuts
